 Dungeon Crawl Stone Soup version 0.29.1-1-gd02db6906a (webtiles) character file.

Game seed: 2387645567842811425

179 lonewolfV2 the Trooper (level 5, -1/33 HPs)
             Began as a Gargoyle Fighter on Oct 18, 2022.
             Slain by a gnoll
             ... wielding a +0 spear
              (7 damage)
             ... on level 3 of the Dungeon.
             The game lasted 00:04:54 (2535 turns).

lonewolfV2 the Trooper (Gargoyle Fighter)           Turns: 2535, Time: 00:04:54

Health: -1/33      AC: 13    Str: 27    XL:     5   Next: 59%
Magic:  5/5        EV: 13    Int:  8    God:
Gold:   101        SH:  9    Dex: 22    Spells: 4/4 levels left

rFire   . . .      SeeInvis .   e - +3 scimitar (distort)
rCold   . . .      Faith    .   b - +3 buckler of Taxzy {-Cast Str+5 Dex+7}
rNeg    + . .      Spirit   .   s - +2 scale mail {rPois}
rPois   ∞          Reflect  .   (no helmet)
rElec   +          Harm     .   (no cloak)
rCorr   .          Rampage  .   (no gloves)
Will    .....      NoCast   +   (no boots)
Stlth   ..........              (no amulet)
HPRegen 0.11/turn               i - +4 ring of evasion
MPRegen 0.09/turn               n - +6 ring of dexterity

@: no status effects
A: sickness immunity, AC +4, negative energy resistance 1, electricity
resistance, torment resistance 1, petrification resistance
a: no special abilities


You were on level 3 of the Dungeon.
You visited 1 branch of the dungeon, and saw 3 of its levels.

You collected 101 gold pieces.

Inventory:

Hand Weapons
 a - a +0 flail
 e - a +3 scimitar of distortion (weapon)
 q - a +1 spear of flaming
Missiles
 g - a throwing net (quivered)
Armour
 b - the +3 buckler of Taxzy (worn) {-Cast Str+5 Dex+7}
   (You acquired it on level 3 of the Dungeon)

   Str:       It affects your strength (+5).
   Dex:       It affects your dexterity (+7).
   -Cast:     It prevents spellcasting.
 c - a +0 buckler
 s - a +2 scale mail of poison resistance (worn)
Jewellery
 i - a +4 ring of evasion (left hand)
 n - a +6 ring of dexterity (right hand)
Scrolls
 k - a scroll of teleportation
 l - a scroll of immolation {unknown}
 p - a scroll of magic mapping
Potions
 d - a potion of might
 f - 4 potions of curing {unknown}
 h - a potion of magic {unknown}
 j - a potion of haste {unknown}
 m - a potion of flight {unknown}
 o - a potion of lignification {unknown}


   Skills:
 + Level 4.2 Fighting
 * Level 1.9 Long Blades
 + Level 3.0 Maces & Flails
 + Level 4.1 Armour
 + Level 4.1 Shields


You had 4 spell levels left.
You didn't know any spells.
Your spell library contained the following spells:

 Spells                   Type           Power      Damage    Failure   Level
 Confusing Touch          Hex            0%         N/A       98%         3
 Gell's Gravitas          Tloc           0%         N/A       98%         3
 Lesser Beckoning         Tloc           0%         N/A       98%         3
 Teleport Other           Tloc           0%         N/A       98%         3
 Yara's Violent Unravell  Hex/Tmut       0%         3d3       100%        5
 Enfeeble                 Hex            0%         N/A       100%        7


Dungeon Overview and Level Annotations

Branches:
Dungeon (3/15)

Altars:
Nemelex Xobeh
Trog


Innate Abilities, Weirdness & Mutations

You are immune to sickness and miasma.
Your stone body is resilient. (AC +4)
You are immune to poison.
You resist negative energy. (rN+)
You are resistant to electric shocks. (rElec)
You are resistant to unholy torment.
You are immune to petrification.


Message History

You block the gnoll's attack.
The frilled lizard bites you but does no damage.
The gnoll barely misses you.
You slash the frilled lizard!
You kill the frilled lizard!
The gnoll hits you but does no damage. You block the gnoll's attack.
The gnoll hits you but does no damage. You block the gnoll's attack.
The gnoll misses you. The gnoll hits you with a +0 halberd!
Unknown command.
You barely miss the gnoll.
The gnoll is heavily wounded.
The gnoll hits you with a +0 whip. You block the gnoll's attack.
The gnoll barely misses you. The gnoll hits you but does no damage.
You barely miss the gnoll.
The gnoll is heavily wounded.
The gnoll misses you. The gnoll hits you but does no damage.
The gnoll closely misses you. x2; The gnoll misses you.
The gnoll closely misses you. x2; The gnoll barely misses you.
You slash the gnoll!
You kill the gnoll!
The gnoll barely misses you. The gnoll hits you but does no damage.
You block the gnoll's attack. You block the gnoll's attack.
Things that are here:
a +0 whip; a gnoll corpse The gnoll closely misses you.
The gnoll hits you with a +0 halberd. You block the gnoll's attack. x2
Things that are here:
a +0 whip; a gnoll corpse You slash the gnoll!
The gnoll is devoured by a tear in reality.
The gnoll misses you. You block the gnoll's attack.
Your Maces & Flails skill increases to level 3!
The gnoll closely misses you. The gnoll hits you with a +0 spear.
* * * LOW HITPOINT WARNING * * *
You hit the gnoll.
Space warps horribly around the gnoll!
You kill the gnoll!
You block the gnoll's attack. The gnoll hits you but does no damage.
The gnoll hits you from afar with a +0 spear!
You die...

#.....(.........###
...#######..###.... .
................... ..
.#..######..####### ...
.##.### #..## ##...l
.##.<.####.).# ####...# #
.####...##.#.#######....#....
.# ###....#.#...§g......<#
.## ###......#@§†.####### .(#
###......#.#### #.##
#....#.....### ...##
#.#.#..#.#...## .<..#
####.........>... .#### ~
###.[......... .###~~~~
##....#.#### ........
...###.# ........ .....# .#


You could see a gnoll.

Vanquished Creatures
  7 gnolls
  3 adders
  3 dart slugs
  2 orcs (D:3)
  3 ball pythons
  7 endoplasms
  5 giant cockroaches
  4 goblins
  4 hobgoblins
  3 jackals (D:1)
  7 kobolds
  5 quokkas
  5 bats
  2 frilled lizards
  5 rats
65 creatures vanquished.

Notes
Turn   | Place    | Note
-------+----------+-------------------------------------------
     0 | D:1      | lonewolfV2 the Gargoyle Fighter began the quest for the
                  | Orb.
     0 | D:1      | Reached XP level 1. HP: 14/14 MP: 1/1
   157 | D:1      | Reached XP level 2. HP: 16/19 MP: 2/2
   443 | D:1      | Found a faded altar of an unknown god.
   486 | D:1      | Reached XP level 3. HP: 18/23 MP: 3/3
  1035 | D:2      | Identified a scroll of acquirement
  1035 | D:2      | Acquired a +2 scimitar of distortion
  1347 | D:2      | Reached XP level 4. HP: 29/29 MP: 4/4
  1631 | D:2      | Reached skill level 1 in Long Blades
  2051 | D:2      | Reached XP level 5. HP: 33/33 MP: 5/5
  2085 | D:2      | Found a sparkling altar of Nemelex Xobeh.
  2314 | D:3      | Acquired the +3 buckler of Taxzy {-Cast Str+5 Dex+7}
  2443 | D:3      | Found a bloodstained altar of Trog.
  2535 | D:3      | Slain by a gnoll

Illustrated notes

Levels and vault maps discovered:
D:1:      lemuel_arrival_room, layout_basic, ebering_ecumenical_altar_box
D:2:      layout_loops_ring, serial_rivers, chequers_serial_rivers_micro_e,
          chequers_serial_rivers_micro_b, chequers_serial_rivers_small_3,
          chequers_serial_rivers_micro_c, chequers_serial_rivers_micro_d,
          basic_altar
D:3:      cheibrodos_helix_gallery, layout_rooms, mainiacjoe_overflow_catwalk,
          mainiacjoe_overflow_surrounded_room, serial_shops, shop,
          nrook_mini_backslash

Skill      XL: |  1  2  3  4  5 |
---------------+----------------+-----
Long Blades    | 1 |  1.9
Armour         | 4 |  4.1
Shields        | 4 |  4.1
Fighting       | 4 |  4.2
Maces & Flails | 3 |  3.0

Action                   |  1- 3 |  4- 6 || total
-------------------------+-------+-------++-------
Melee: Flail             |    62 |       ||    62
       Scimitar          |    26 |    65 ||    91
  Use: Scroll            |     5 |     1 ||     6
Armor: Scale mail        |    42 |    21 ||    63
Dodge: Dodged            |    45 |    53 ||    98
Block: Buckler           |    19 |    38 ||    57
